[Event "Prague Open 2024"]
[Site "Prague"]
[Date "2024.01.07"]
[Round "4.1"]
[White "Agdestein, Simen"]
[Black "Keller, Peter"]
[Result "1-0"]
[ECO "A28"]
[WhiteElo "2568"]
[BlackElo "2289"]
[Annotator "TA"]
[PlyCount "83"]
[EventDate "2024.01.02"]
[EventType "swiss"]
[EventCountry "CZE"]
[SourceTitle "playchess.com"]
[Source "ChessBase"]
[SourceQuality "1"]
[TimeControl "40/5400+30:1800+30"]

1. c4 e5 2. Nc3 Nf6 3. Nf3 Nc6 4. e3 Bb4 5. Nd5 e4 6. Ng1 O-O 7. a3 Bd6 8. Qc2 {[%emt 0:07:16] [#] A28: English Opening: Four Knights Variation.} Nxd5 $146 (8... Re8 $5 ) ({Predecessor:} 8... Re8 9. Ne2 b5 10. Ng3 bxc4 11. Bxc4 Bb7 12. O-O Ne5 13. Nxf6+ Qxf6 14. b3 Qg5 15. Bb2 h5 16. f4 exf3 17. Qf5 Qxf5 18. Nxf5 fxg2 19. Rf2 Nxc4 20. bxc4 Bf8 21. Re1 Rab8 22. Bc3 f6 23. d3 Bxa3 24. e4 Bc5 {0-1 Flores,D (2517)-Nakamura,H (2775) Titled Tuesday intern op 02nd May Late blitz 2023 (4)}) 9. cxd5 Ne7 10. Qxe4 {[%emt 0:01:54] White is slightly better.} c6 11. dxc6 dxc6 12. Qc2 (12. Bd3 Ng6 $15) 12... Nd5 13. Nf3 Bg4 14. Be2 (14. Bd3 $5 ) 14... Re8 15. h3 (15. b3 {seems wilder.} Qe7 16. Nd4 c5 17. Nf5) 15... Bh5 16. d3 Qe7 17. O-O f5 18. Nd4 Bg6 19. Bd2 Rad8 20. Rfe1 Bb8 21. Bf1 Qd6 {[%emt 0:08:54][%csl Gb8][%cal Rd6h2] [#]} 22. g3 Kh8 23. Ne2 Bh5 (23... Qd7 $142) 24. e4 $16 Nf6 25. Bf4 Qxd3 26. Qxd3 Rxd3 27. Bxb8 Rxb8 28. g4 {[%emt 0:09:03] Threatens to win with Nf4.} Bf7 29. gxf5 Rd2 (29... Nxe4 $2 30. Ng3 Nxg3 31. Bxd3 $18) 30. e5 Nd5 31. b4 a5 $2 {[%emt 0:00:11] Black cannot hold the game after this.} 32. bxa5 $18 Bh5 33. Ng3 Bf3 34. Rab1 Nc7 35. e6 ({Not} 35. a6 b5 36. a4 b4 $18) 35... Kg8 36. Re3 ({Much less strong is} 36. a6 b5 37. a4 b4 $18) 36... Bd5 37. Nh5 {[%emt 0:00:37] Strongly threatening Rg3.} ({Don't do} 37. a6 b5 38. a4 Ra2 39. axb5 Rxa6 $18) 37... g6 $2 (37... Ba2) 38. Nf6+ {[%emt 0:00:29] White is clearly winning.} Kg7 39. Nd7 {[%emt 0:00:15][%mdl 64] [#] Deflection} Rc8 40. Rxb7 gxf5 41. Nb6 c5 42. Ra7 {[%emt 0:00:00] Weighted Error Value: White=0.13 (very precise) /Black=0.25 (precise)} 1-0

[Event "Prague Open 2024"]
[Site "Prague"]
[Date "2024.01.07"]
[Round "4.2"]
[White "Tobak, Mikhail"]
[Black "Poetsch, Hagen"]
[Result "1-0"]
[ECO "B50"]
[WhiteElo "2288"]
[BlackElo "2471"]
[Annotator "TA"]
[PlyCount "99"]
[EventDate "2024.01.02"]
[EventType "swiss"]
[EventCountry "CZE"]
[SourceTitle "playchess.com"]
[Source "ChessBase"]
[SourceQuality "1"]
[TimeControl "40/5400+30:1800+30"]

1. e4 c5 2. Nf3 d6 3. c3 Nf6 4. Bd3 Nc6 5. Bc2 Bg4 6. d3 e6 7. Nbd2 d5 {B50: Sicilian: 2...d6, Miscellaneous.} 8. Qe2 Qc7 9. h3 Bh5 {Black has an edge.} 10. Nf1 Bd6 11. Ba4 Bxf3 12. Qxf3 O-O {[%cal Ob7b5] [#]} 13. Bxc6 $146 ({Predecessor:} 13. Bg5 Ne5 14. Qe2 c4 15. dxc4 Nxe4 16. cxd5 Nxc3 17. Qc2 Nxa4 18. Qxa4 Bb4+ 19. Nd2 {0-1 Erturan,Y (2281)-Castellanos Rodriguez,R (2449) Olympiad-36 Mallorca 2004 (3)}) 13... Qxc6 14. exd5 Qxd5 15. Qxd5 Nxd5 16. g3 Rad8 17. Ne3 Bc7 18. Ke2 Ne7 19. a4 f5 20. Nc4 f4 21. gxf4 Ng6 22. Rg1 Bxf4 23. Be3 Rd5 24. a5 Rh5 25. Rh1 Ne7 26. Nd2 Nc6 27. Ne4 Bxe3 28. fxe3 c4 29. dxc4 $16 Nxa5 30. c5 $1 Nc6 31. b4 a5 32. b5 ({Don't take} 32. bxa5 Ra8 $14) 32... Ne5 33. Rxa5 {Threatens to win with Ra7.} Nd7 34. Ra7 {[#] Black must now prevent c6.} Nxc5 35. Nxc5 Rxc5 36. Rxb7 {Strongly threatening Rd1.} Rxc3 {[%mdl 4096] Endgame KRR-KRR} 37. Ra1 {Raa7 would be deadly.} Rc2+ $2 {Black cannot hold the game after this.} (37... Rb3 $16 {might work better.}) 38. Kd3 $18 Rh2 39. Raa7 Rxh3 $2 (39... Rd8+ $18 40. Ke4 Rg2) 40. Rxg7+ Kh8 41. b6 Rh1 42. Rgc7 Rd8+ 43. Ke4 {[#] b7 would kill now.} Rh4+ 44. Ke5 {[%cal Ob6b7] Threatening mate with b7!} Rh5+ 45. Kf6 {[%cal Ob6b7] White threatens b7! and mate.} ({Weaker is} 45. Kxe6 Rh6+ 46. Ke7 Rg8 $18) 45... Re8 46. e4 {White mates.} Rf8+ 47. Rf7 Rh6+ 48. Ke7 Rg8 49. b7 e5 50. Ra8 {Weighted Error Value: White=0.06 (flawless) /Black=0.41} 1-0

[Event "Prague Open 2024"]
[Site "Prague"]
[Date "2024.01.07"]
[Round "4.3"]
[White "Xie, Felix"]
[Black "Neuman, Petr"]
[Result "1/2-1/2"]
[ECO "B34"]
[WhiteElo "2249"]
[BlackElo "2398"]
[Annotator "RC"]
[PlyCount "101"]
[EventDate "2024.01.02"]
[EventType "swiss"]
[EventCountry "CZE"]
[SourceTitle "playchess.com"]
[Source "ChessBase"]
[SourceQuality "1"]
[TimeControl "40/5400+30:1800+30"]

1. e4 c5 2. Nf3 Nc6 3. d4 cxd4 4. Nxd4 Nf6 5. Nc3 e5 6. Ndb5 d6 7. Nd5 Nxd5 8. exd5 Nb8 9. a4 Be7 10. Be2 O-O 11. O-O Nd7 12. b4 a6 13. Na3 a5 14. bxa5 Qxa5 15. Nc4 Qc7 16. Be3 f5 17. a5 Nc5 18. f4 exf4 19. Bxf4 Ne4 20. Ra3 Bd7 21. Qb1 Bf6 22. Qb4 Bd4+ 23. Be3 Bxe3+ 24. Rxe3 Rf6 25. Qb6 Rc8 26. Bd3 Nc5 27. Re7 Qd8 28. Rfe1 Kf8 29. Qxd8+ Rxd8 30. Nb6 Be8 31. Rc7 Nxd3 32. cxd3 Rf7 33. Rec1 Bb5 34. Rxf7+ Kxf7 35. Rc7+ Kf6 36. Rxb7 Bxd3 37. Kf2 Re8 38. Nd7+ Kg5 39. Rb3 Re2+ 40. Kf3 Bc4 41. Rc3 Re4 42. Nb6 Be2+ 43. Kf2 Ba6 44. Rc7 g6 45. Ra7 Bd3 46. Rxh7 f4 47. g3 Re2+ 48. Kf3 Re3+ 49. Kf2 Re2+ 50. Kf3 Re3+ 51. Kf2 1/2-1/2

[Event "Prague Open 2024"]
[Site "Prague"]
[Date "2024.01.07"]
[Round "4.5"]
[White "Mis, Mieszko"]
[Black "Rakovsky, Jakub"]
[Result "1-0"]
[ECO "E17"]
[WhiteElo "2301"]
[BlackElo "2157"]
[Annotator "ChessBase"]
[PlyCount "155"]
[EventDate "2024.01.02"]
[EventType "swiss"]
[EventCountry "CZE"]
[TimeControl "40/5400+30:1800+30"]

1. Nf3 Nf6 2. c4 e6 3. g3 b6 4. d4 Bb7 5. Bg2 Be7 6. O-O O-O 7. Re1 d5 8. cxd5 exd5 9. Nc3 Nbd7 10. Bf4 Nh5 11. Bd2 Nhf6 12. Rc1 Ne4 13. Bf4 c5 14. dxc5 Ndxc5 15. Be5 Nxc3 16. Bxc3 Bf6 17. Bxf6 Qxf6 18. Qd4 Qe7 19. Rc2 Rfd8 20. Rec1 Rac8 21. Qb4 d4 22. Rd1 Bxf3 23. Bxf3 Qf6 24. Kg2 Nd3 25. Qd2 Rxc2 26. Qxc2 Ne5 27. Be4 h6 28. h3 Nd7 29. b4 Nf8 30. Qc7 Rd7 31. Qb8 Qe7 32. Bd3 Rd8 33. Qf4 Qxb4 34. Qc7 Rd7 35. Qb8 Qe7 36. Rc1 Rd8 37. Rc7 Rxb8 38. Rxe7 a5 39. Bc4 Ne6 40. Bxe6 fxe6 41. Rxe6 Rc8 42. Rxb6 Rc2 43. Kf3 Rxa2 44. Rb3 Ra4 45. Ke4 Kf7 46. Rb7+ Kf6 47. Rd7 Ra2 48. Kd3 Ke5 49. f4+ Kf6 50. g4 Ra3+ 51. Kxd4 Rxh3 52. e4 Rf3 53. f5 Rf4 54. Rd6+ Ke7 55. Rg6 Kf7 56. Ke5 Rf1 57. Ra6 Rb1 58. Ra7+ Kf8 59. Rxa5 Rb7 60. Kd6 Rb6+ 61. Kc5 Rb7 62. e5 Rb2 63. Kd6 Rb6+ 64. Kd7 Rb7+ 65. Kc6 Rb4 66. Ra8+ Ke7 67. Ra7+ Kf8 68. Kd7 Rd4+ 69. Ke6 Rd8 70. f6 gxf6 71. Kxf6 Kg8 72. e6 Rf8+ 73. Kg6 Re8 74. Ra6 Kf8 75. Kxh6 Ke7 76. Kg7 Rb8 77. g5 Rb5 78. g6 1-0

[Event "Prague Open 2024"]
[Site "Prague"]
[Date "2024.01.07"]
[Round "4.6"]
[White "Wang, Yukun"]
[Black "Grave, Jacob Templen"]
[Result "1/2-1/2"]
[ECO "B13"]
[WhiteElo "2117"]
[BlackElo "2296"]
[Annotator "RC"]
[PlyCount "33"]
[EventDate "2024.01.02"]
[EventType "swiss"]
[EventCountry "CZE"]
[SourceTitle "playchess.com"]
[Source "ChessBase"]
[SourceQuality "1"]
[TimeControl "40/5400+30:1800+30"]

1. e4 c6 2. d4 d5 3. exd5 cxd5 4. Bd3 Nc6 5. c3 Qc7 6. h3 e6 7. Nf3 Bd6 8. O-O Nge7 9. Re1 O-O 10. Nbd2 Rd8 11. b3 b6 12. Bb2 Ng6 13. Rc1 Bb7 14. Qc2 Rac8 15. Bf1 e5 16. dxe5 Ngxe5 17. c4 1/2-1/2

[Event "Prague Open 2024"]
[Site "Prague"]
[Date "2024.01.07"]
[Round "4.7"]
[White "Morchiashvili, Bachana"]
[Black "Koridze, Lile"]
[Result "1-0"]
[ECO "E53"]
[WhiteElo "2295"]
[BlackElo "2152"]
[Annotator "RC"]
[PlyCount "101"]
[EventDate "2024.01.02"]
[EventType "swiss"]
[EventCountry "CZE"]
[SourceTitle "playchess.com"]
[Source "ChessBase"]
[SourceQuality "1"]
[TimeControl "40/5400+30:1800+30"]

1. d4 Nf6 2. c4 e6 3. Nf3 d5 4. Nc3 Bb4 5. e3 O-O 6. Bd3 c5 7. O-O Bxc3 8. bxc3 dxc4 9. Bxc4 Qc7 10. Bd3 Nc6 11. e4 e5 12. dxe5 Ng4 13. Bf4 Ngxe5 14. Nxe5 Nxe5 15. Bc4 Qe7 16. Bd5 Qf6 17. Bg3 Nc6 18. Bd6 Rd8 19. e5 Qg6 20. Rb1 Bf5 21. Rxb7 Nxe5 22. Bxe5 Rxd5 23. Qxd5 Be4 24. Qxf7+ Qxf7 25. Rxf7 Kxf7 26. Rd1 Re8 27. Bf4 c4 28. Rd6 Bb1 29. Be3 Bxa2 30. Ra6 Bb1 31. Rxa7+ Re7 32. Ra5 Bd3 33. h3 g6 34. Bc5 Rd7 35. Ra6 h5 36. Bd4 Rd5 37. g4 hxg4 38. hxg4 Ke7 39. Kh2 Kf7 40. Kg3 Ke7 41. f4 Kf7 42. Kf3 Rb5 43. f5 gxf5 44. g5 Be4+ 45. Kf4 Rb2 46. g6+ Ke7 47. Bf6+ Ke8 48. Re6+ Kd7 49. Re7+ Kd6 50. Rxe4 fxe4 51. g7 1-0

[Event "Prague Open 2024"]
[Site "Prague"]
[Date "2024.01.07"]
[Round "4.8"]
[White "Berin, Artem"]
[Black "Krstic, Andrija Marko"]
[Result "1/2-1/2"]
[ECO "D11"]
[WhiteElo "2327"]
[BlackElo "2113"]
[Annotator "RC"]
[PlyCount "165"]
[EventDate "2024.01.02"]
[EventType "swiss"]
[EventCountry "CZE"]
[SourceTitle "playchess.com"]
[Source "ChessBase"]
[SourceQuality "1"]
[TimeControl "40/5400+30:1800+30"]

1. d4 d5 2. c4 c6 3. Nf3 Nf6 4. e3 Bg4 5. Nc3 e6 6. h3 Bh5 7. g4 Bg6 8. Ne5 Nbd7 9. Nxg6 hxg6 10. Bd3 dxc4 11. Bxc4 Rh4 12. Qf3 Nb6 13. Be2 Nbd5 14. Bd2 Nxc3 15. bxc3 Qd5 16. c4 Qe4 17. Kf1 O-O-O 18. Qxe4 Nxe4 19. Be1 Nf6 20. Kg2 Rh8 21. Bf3 g5 22. Ba5 Rd7 23. Rhd1 Bd6 24. Rac1 Bc7 25. Bc3 Rhd8 26. Rh1 Rh8 27. Rcd1 Rdd8 28. d5 exd5 29. cxd5 cxd5 30. Bxf6 gxf6 31. Bxd5 Rd7 32. Bxb7+ Kd8 33. Bd5 Rh7 34. Rd3 Ke7 35. Rhd1 Bb6 36. Bc6 Rxd3 37. Rxd3 Rh8 38. Rd7+ Ke6 39. Rb7 Kd6 40. Ba4 Rf8 41. Bb3 Kc6 42. Rxf7 Rxf7 43. Bxf7 Kd6 44. h4 gxh4 45. Kh3 Ke5 46. Bg6 Ba5 47. Kxh4 Be1 48. Kg3 a5 49. Kg2 a4 50. f4+ Kd6 51. Kf3 a3 52. Ke4 Bd2 53. g5 fxg5 54. fxg5 Ke7 55. Bf5 Bc1 56. Kd4 Bb2+ 57. Kd3 Bc1 58. g6 Kf6 59. e4 Bh6 60. Kc4 Bf8 61. Kd5 Ke7 62. e5 Bg7 63. Be6 Bh8 64. Bf7 Bg7 65. Bg8 Bh8 66. e6 Bg7 67. Kc6 Bf8 68. Bf7 Bg7 69. Kb5 Bf8 70. Kc4 Kf6 71. Kd4 Ke7 72. Kc3 Kf6 73. Kb3 Be7 74. Ka4 Bf8 75. Kb5 Ke7 76. Ka5 Kf6 77. Kb6 Ke7 78. Kc7 Bg7 79. Bg8 Bf8 80. Kc6 Bg7 81. Kb5 Bf8 82. Ka4 Kf6 83. Bf7 1/2-1/2

[Event "Prague Open 2024"]
[Site "Prague"]
[Date "2024.01.07"]
[Round "4.9"]
[White "Piotraschke, Jens"]
[Black "Bednar, Marcel"]
[Result "1-0"]
[ECO "A57"]
[WhiteElo "2056"]
[BlackElo "2249"]
[Annotator "RC"]
[PlyCount "131"]
[EventDate "2024.01.02"]
[EventType "swiss"]
[EventCountry "CZE"]
[SourceTitle "playchess.com"]
[Source "ChessBase"]
[SourceQuality "1"]
[TimeControl "40/5400+30:1800+30"]

1. d4 Nf6 2. c4 c5 3. d5 b5 4. cxb5 a6 5. e3 axb5 6. Bxb5 Qa5+ 7. Nc3 Ba6 8. Bxa6 Nxa6 9. Nf3 Ne4 10. O-O Nxc3 11. bxc3 g6 12. e4 Bg7 13. d6 e6 14. e5 Qxc3 15. Bd2 Qd3 16. Qb3 Qd5 17. Bg5 c4 18. Qc3 Nc5 19. Be7 Nd3 20. Rfd1 g5 21. Bxg5 Rg8 22. Rxd3 Qxd3 23. Qxd3 cxd3 24. h4 h6 25. Bf4 Ra4 26. Rb1 f6 27. exf6 Rxf4 28. fxg7 Rxf3 29. gxf3 Kf7 30. Rd1 Ra8 31. Rxd3 Rxa2 32. Kg2 Kxg7 33. Kg3 Kf6 34. Rd4 h5 35. Rb4 Rd2 36. Rb5 Rd5 37. Rb8 Ke5 38. Rg8 Kxd6 39. f4 Rd3+ 40. f3 Rd5 41. Kf2 Rd2+ 42. Kg3 Rd5 43. Kf2 Kc5 44. Ke3 Rd1 45. Rg5+ d5 46. Rxh5 Ra1 47. f5 d4+ 48. Kf4 e5+ 49. Kxe5 Kc4 50. Rh8 Ra5+ 51. Ke4 d3 52. Rc8+ Kb3 53. Kxd3 Rxf5 54. Ke4 Rh5 55. f4 Rxh4 56. Ke5 Rh1 57. f5 Re1+ 58. Kd6 Rd1+ 59. Ke7 Re1+ 60. Kf7 Kb4 61. f6 Kb5 62. Kf8 Rh1 63. Rc2 Rf1 64. f7 Rg1 65. Re2 Kc6 66. Ke8 1-0

[Event "Prague Open 2024"]
[Site "Prague"]
[Date "2024.01.07"]
[Round "4.10"]
[White "Eliseev, Sergey"]
[Black "Toniolo, Samuel"]
[Result "1-0"]
[ECO "B94"]
[WhiteElo "2232"]
[BlackElo "2030"]
[Annotator "RC"]
[PlyCount "43"]
[EventDate "2024.01.02"]
[EventType "swiss"]
[EventCountry "CZE"]
[SourceTitle "playchess.com"]
[Source "ChessBase"]
[SourceQuality "1"]
[TimeControl "40/5400+30:1800+30"]

1. e4 c5 2. Nf3 d6 3. d4 cxd4 4. Nxd4 Nf6 5. Nc3 a6 6. Bg5 Nbd7 7. Bc4 Qb6 8. Bb3 e6 9. Bxf6 Nxf6 10. Qd2 Be7 11. O-O-O Qc7 12. g4 b5 13. g5 b4 14. Ncb5 axb5 15. gxf6 Bxf6 16. Nxb5 Qc5 17. Nxd6+ Ke7 18. e5 Qxe5 19. Nf5+ Qxf5 20. Qd6+ Ke8 21. Qc6+ Ke7 22. Qc7+ 1-0

[Event "Prague Open 2024"]
[Site "Prague"]
[Date "2024.01.07"]
[Round "4.12"]
[White "Elashvili, Giorgi"]
[Black "Mohylnyi, Stepan"]
[Result "0-1"]
[ECO "A16"]
[WhiteElo "1942"]
[BlackElo "2180"]
[Annotator "RC"]
[PlyCount "84"]
[EventDate "2024.01.02"]
[EventType "swiss"]
[EventCountry "CZE"]
[SourceTitle "playchess.com"]
[Source "ChessBase"]
[SourceQuality "1"]
[TimeControl "40/5400+30:1800+30"]

1. c4 Nf6 2. Nc3 g6 3. g3 d5 4. cxd5 Nxd5 5. Bg2 Nxc3 6. bxc3 Bg7 7. Nf3 O-O 8. h4 h5 9. Ng5 c5 10. O-O Nc6 11. Rb1 Qc7 12. Qb3 b6 13. d3 Bb7 14. Be3 Na5 15. Qc2 Bxg2 16. Kxg2 Nc6 17. d4 cxd4 18. cxd4 Qb7 19. Qe4 e6 20. Rfc1 Rac8 21. g4 Na5 22. gxh5 gxh5 23. Rb5 Rxc1 24. Bxc1 Bxd4 25. f3 Qxe4 26. Nxe4 f5 27. Ng3 Kf7 28. Kh3 Rc8 29. Bd2 Nc4 30. Bf4 Kg6 31. e4 Rc5 32. exf5+ exf5 33. Rxc5 bxc5 34. Bb8 a5 35. Ne2 Be3 36. Bc7 Bd2 37. Bd8 Ne5 38. Be7 c4 39. Nd4 c3 40. Kg2 f4 41. Kf1 Be3 42. Nc2 Nxf3 0-1

[Event "Prague Open 2024"]
[Site "Prague"]
[Date "2024.01.07"]
[Round "4.13"]
[White "Pyrig, Roman"]
[Black "Dushatov, Timur"]
[Result "1-0"]
[ECO "B92"]
[WhiteElo "2154"]
[BlackElo "1976"]
[Annotator "RC"]
[PlyCount "87"]
[EventDate "2024.01.02"]
[EventType "swiss"]
[EventCountry "CZE"]
[SourceTitle "playchess.com"]
[Source "ChessBase"]
[SourceQuality "1"]
[TimeControl "40/5400+30:1800+30"]

1. e4 c5 2. Nf3 d6 3. d4 cxd4 4. Nxd4 Nf6 5. Nc3 a6 6. Be2 e5 7. Nb3 Be7 8. Be3 O-O 9. g4 Be6 10. g5 Ne8 11. h4 Nc7 12. Nd5 Bxd5 13. exd5 Nd7 14. c4 f5 15. gxf6 Nxf6 16. Bd3 b5 17. Rg1 bxc4 18. Bxc4 Qb8 19. Qd3 Qc8 20. Bg5 Qe8 21. O-O-O Kh8 22. f4 Nd7 23. Rh1 Bf6 24. Rde1 h6 25. Kb1 Qf7 26. Qe4 Bxg5 27. hxg5 Qxf4 28. Bd3 Qxe4 29. Bxe4 Rf4 30. gxh6 g5 31. Rc1 Ne8 32. Bg6 Nb6 33. Nd2 Rb8 34. Ne4 Nxd5 35. Nxg5 Rf6 36. Nf7+ Rxf7 37. Bxf7 Ne7 38. Rcd1 Nf5 39. Bg6 Nd4 40. Rhf1 Nc7 41. Rf7 Nce6 42. Rg1 Nf3 43. Rxf3 Rg8 44. Rfg3 1-0

[Event "Prague Open 2024"]
[Site "Prague"]
[Date "2024.01.07"]
[Round "4.14"]
[White "Golis, Wiktor"]
[Black "Lilliehook, Victor"]
[Result "0-1"]
[ECO "C78"]
[WhiteElo "2123"]
[BlackElo "1934"]
[Annotator "RC"]
[PlyCount "106"]
[EventDate "2024.01.02"]
[EventType "swiss"]
[EventCountry "CZE"]
[SourceTitle "playchess.com"]
[Source "ChessBase"]
[SourceQuality "1"]
[TimeControl "40/5400+30:1800+30"]

1. e4 e5 2. Nf3 Nc6 3. Bb5 a6 4. Ba4 Nf6 5. O-O b5 6. Bb3 Bc5 7. a4 Rb8 8. axb5 axb5 9. Nxe5 Nxe5 10. d4 Bxd4 11. Qxd4 d6 12. f4 Nc6 13. Qc3 Ne7 14. e5 Ne4 15. Qe1 d5 16. Nd2 Bf5 17. Nxe4 Bxe4 18. Be3 O-O 19. Bc5 Re8 20. Rd1 Nf5 21. g4 Nh4 22. Qg3 h5 23. h3 hxg4 24. hxg4 Re6 25. Rd2 Rh6 26. Rh2 Ra8 27. f5 Ra1 28. Kf2 Rxf1+ 29. Kxf1 Qg5 30. Bf2 Nf3 31. Rxh6 Qxh6 32. e6 fxe6 33. fxe6 Qxe6 34. Qf4 Qxg4 35. Qxc7 Nd2+ 36. Ke1 Nxb3 37. cxb3 Bd3 38. Qe5 Qb4+ 39. Qc3 Qe4+ 40. Kd2 Qe2+ 41. Kc1 Qxf2 42. Qxd3 Qe1+ 43. Kc2 Qe4 44. Qxe4 dxe4 45. Kc3 Kf7 46. Kd4 Ke6 47. Kxe4 b4 48. Kf4 Kd5 49. Ke3 g5 50. Kd3 g4 51. Ke3 g3 52. Kf3 Kd4 53. Kxg3 Kd3 0-1

[Event "Prague Open 2024"]
[Site "Prague"]
[Date "2024.01.07"]
[Round "4.15"]
[White "Tolmacevs, Artjoms"]
[Black "Krupa, Miroslav"]
[Result "1-0"]
[ECO "B60"]
[WhiteElo "1928"]
[BlackElo "2119"]
[Annotator "RC"]
[PlyCount "35"]
[EventDate "2024.01.02"]
[EventType "swiss"]
[EventCountry "CZE"]
[SourceTitle "playchess.com"]
[Source "ChessBase"]
[SourceQuality "1"]
[TimeControl "40/5400+30:1800+30"]

1. e4 c5 2. Nf3 d6 3. d4 cxd4 4. Nxd4 Nf6 5. Nc3 Nc6 6. Bg5 g6 7. Bxf6 exf6 8. Bc4 Bg7 9. Ndb5 O-O 10. Nxd6 f5 11. O-O fxe4 12. Ncxe4 Bxb2 13. Rb1 Bg7 14. Nxf7 Rxf7 15. Nd6 Ne5 16. Nxf7 Qxd1 17. Nxe5+ Kf8 18. Nxg6+ 1-0

[Event "Prague Open 2024"]
[Site "Prague"]
[Date "2024.01.07"]
[Round "4.16"]
[White "Ye, Fan"]
[Black "Taborsky, Rostislav"]
[Result "1/2-1/2"]
[ECO "B22"]
[WhiteElo "1660"]
[BlackElo "2100"]
[Annotator "RC"]
[PlyCount "83"]
[EventDate "2024.01.02"]
[EventType "swiss"]
[EventCountry "CZE"]
[SourceTitle "playchess.com"]
[Source "ChessBase"]
[SourceQuality "1"]
[TimeControl "40/5400+30:1800+30"]

1. e4 c5 2. c3 e6 3. d4 d5 4. exd5 exd5 5. Nf3 Nf6 6. Bb5+ Bd7 7. Bxd7+ Nbxd7 8. O-O Be7 9. Bg5 O-O 10. Nbd2 Re8 11. Re1 Qb6 12. Qb3 c4 13. Qxb6 axb6 14. Ne5 Bd6 15. Nxd7 Nxd7 16. a3 f6 17. Bh4 h5 18. Bg3 Bxg3 19. hxg3 b5 20. Nf1 Nb6 21. Ne3 g6 22. Re2 Kf7 23. Rae1 f5 24. Nd1 Rxe2 25. Rxe2 Re8 26. Kf1 Rxe2 27. Kxe2 g5 28. Ke3 Ke6 29. f3 Nc8 30. f4 gxf4+ 31. Kxf4 Kf6 32. Ne3 Ne7 33. Nf1 Ng6+ 34. Kf3 Ke7 35. Ne3 Ke6 36. Nf1 h4 37. gxh4 Nxh4+ 38. Kg3 Ng6 39. Kf3 Kf7 40. Ne3 Ne7 41. g4 fxg4+ 42. Kxg4 1/2-1/2

[Event "Prague Open 2024"]
[Site "Prague"]
[Date "2024.01.07"]
[Round "4.17"]
[White "Gomes, Mary Ann"]
[Black "Khandhar, Kaushal"]
[Result "1/2-1/2"]
[ECO "A06"]
[WhiteElo "2332"]
[BlackElo "1840"]
[Annotator "RC"]
[PlyCount "140"]
[EventDate "2024.01.02"]
[EventType "swiss"]
[EventCountry "CZE"]
[SourceTitle "playchess.com"]
[Source "ChessBase"]
[SourceQuality "1"]
[TimeControl "40/5400+30:1800+30"]

1. Nf3 d5 2. g3 g6 3. c4 dxc4 4. Na3 Bg7 5. Nxc4 Nc6 6. Bg2 e5 7. O-O Nge7 8. d3 O-O 9. Bd2 a5 10. Rc1 f6 11. Na3 Be6 12. Nb5 Bxa2 13. b3 a4 14. bxa4 Qd7 15. Qc2 Be6 16. Rb1 g5 17. Bxg5 fxg5 18. Nxg5 Bf5 19. Ne4 b6 20. Rfc1 Rac8 21. Ng5 Nd4 22. Nxd4 exd4 23. Qc4+ Kh8 24. Bb7 Rb8 25. Be4 Bf6 26. Bxf5 Nxf5 27. Ne6 Rfc8 28. Qc6 Qf7 29. Qe4 Re8 30. Qxf5 Qxe6 31. Qxe6 Rxe6 32. Rxc7 Ra8 33. Rc4 Kg7 34. Rb2 Ra6 35. Kg2 h5 36. f4 Kg6 37. h3 Ra5 38. Rcb4 Rc6 39. Rxb6 Rxb6 40. Rxb6 Rxa4 41. g4 hxg4 42. hxg4 Kf7 43. g5 Be7 44. Kf3 Ra7 45. Ke4 Rd7 46. Rb5 Bd8 47. Rf5+ Kg6 48. Re5 Rd6 49. Kf3 Kf7 50. Kg4 Re6 51. Re4 Rd6 52. f5 Be7 53. Kf4 Rd5 54. Re6 Rd7 55. Rh6 Kg8 56. Rc6 Kf7 57. Kg4 Bd8 58. Kh5 Rd5 59. f6 Ba5 60. Rc2 Bd8 61. Kh6 Bxf6 62. Rc7+ Be7 63. g6+ Kf6 64. g7 Bd6 65. g8=N+ Ke6 66. Ra7 Bf4+ 67. Kg6 Rg5+ 68. Kh7 Rh5+ 69. Kg6 Rg5+ 70. Kh7 Rh5+ 1/2-1/2

[Event "Prague Open 2024"]
[Site "Prague"]
[Date "2024.01.07"]
[Round "4.18"]
[White "Shagbazyan, Taron"]
[Black "Diachek, Andriy"]
[Result "1/2-1/2"]
[ECO "E29"]
[WhiteElo "2403"]
[BlackElo "1955"]
[Annotator "RC"]
[PlyCount "71"]
[EventDate "2024.01.02"]
[EventType "swiss"]
[EventCountry "CZE"]
[SourceTitle "playchess.com"]
[Source "ChessBase"]
[SourceQuality "1"]
[TimeControl "40/5400+30:1800+30"]

1. d4 Nf6 2. c4 e6 3. Nc3 Bb4 4. e3 O-O 5. a3 Bxc3+ 6. bxc3 c5 7. Bd3 Nc6 8. Ne2 d6 9. e4 e5 10. d5 Ne7 11. O-O Ng6 12. Bd2 Nh5 13. f3 Nhf4 14. Bxf4 exf4 15. Qd2 Qg5 16. g3 f5 17. Nxf4 fxe4 18. fxe4 Bh3 19. Rf2 Nxf4 20. Rxf4 Rf6 21. Rd1 Raf8 22. Rxf6 Qxf6 23. Re1 Qe5 24. Re3 h5 25. Be2 h4 26. Qd3 Rf6 27. Rf3 Rg6 28. Kf2 Bg4 29. Rf4 hxg3+ 30. hxg3 Bxe2 31. Kxe2 Qh5+ 32. Qf3 Qh2+ 33. Qf2 Qh1 34. Qf3 Qh2+ 35. Qf2 Qh1 36. Qf3 1/2-1/2

[Event "Prague Open 2024"]
[Site "Prague"]
[Date "2024.01.07"]
[Round "4.19"]
[White "Bech, Havard Eriksen"]
[Black "Jun, Rudolf"]
[Result "1-0"]
[ECO "E10"]
[WhiteElo "1955"]
[BlackElo "2283"]
[Annotator "RC"]
[PlyCount "103"]
[EventDate "2024.01.02"]
[EventType "swiss"]
[EventCountry "CZE"]
[SourceTitle "playchess.com"]
[Source "ChessBase"]
[SourceQuality "1"]
[TimeControl "40/5400+30:1800+30"]

1. d4 Nf6 2. c4 e6 3. Nf3 c5 4. d5 exd5 5. cxd5 d6 6. Nc3 a6 7. a4 g6 8. Nd2 Nbd7 9. e4 Bg7 10. Be2 O-O 11. O-O Re8 12. Qc2 b6 13. Nc4 Ne5 14. Ne3 Nfg4 15. Nxg4 Nxg4 16. h3 Ne5 17. f4 Nd7 18. Kh2 Qe7 19. Bf3 Rb8 20. Rb1 b5 21. b4 cxb4 22. Rxb4 Nb6 23. axb5 Qc7 24. Bd2 Nc4 25. Rc1 Nxd2 26. Qxd2 Qa5 27. Ra4 Bxc3 28. Qa2 Qd8 29. Rxc3 axb5 30. Ra7 Qf6 31. Qd2 b4 32. Rb3 h5 33. Ra4 h4 34. Raxb4 Rxb4 35. Rxb4 g5 36. fxg5 Qe5+ 37. Kg1 Ba6 38. Rb6 Ra8 39. Qb2 Qf4 40. Rb8+ Rxb8 41. Qxb8+ Kh7 42. Qa7 Qc1+ 43. Kh2 Qf4+ 44. Kh1 Qc1+ 45. Qg1 Qxg5 46. Qb1 Qe5 47. Qe1 Qf6 48. Bg4 Bd3 49. Bf5+ Kg7 50. g3 Qe5 51. gxh4 Qf4 52. Qc3+ 1-0

[Event "Prague Open 2024"]
[Site "Prague"]
[Date "2024.01.07"]
[Round "4.20"]
[White "Vojta, Jakub"]
[Black "Cziko, Eduard-Carol"]
[Result "1-0"]
[ECO "A20"]
[WhiteElo "2261"]
[BlackElo "1946"]
[Annotator "RC"]
[PlyCount "93"]
[EventDate "2024.01.02"]
[EventType "swiss"]
[EventCountry "CZE"]
[SourceTitle "playchess.com"]
[Source "ChessBase"]
[SourceQuality "1"]
[TimeControl "40/5400+30:1800+30"]

1. c4 e5 2. g3 Nf6 3. Bg2 c6 4. Nf3 e4 5. Nd4 d5 6. cxd5 cxd5 7. Nc3 Nc6 8. Nxc6 bxc6 9. d3 Bb4 10. O-O exd3 11. Qxd3 O-O 12. a3 Ba5 13. b4 Bc7 14. a4 Rb8 15. Ba3 Bd6 16. b5 Bxa3 17. Rxa3 Bd7 18. Rb1 Qe7 19. Rab3 Qc5 20. bxc6 Rxb3 21. Rxb3 Bxc6 22. e3 Re8 23. Qd4 Qa5 24. Qb4 Qc7 25. a5 h6 26. a6 Ne4 27. Qd4 Rd8 28. Rb1 Rd6 29. h3 Rf6 30. Qb4 Nxf2 31. Qb8+ Qxb8 32. Rxb8+ Kh7 33. Rc8 Nd3 34. Rc7 Nb4 35. Rxa7 d4 36. exd4 Bxg2 37. Kxg2 Nxa6 38. d5 Nc5 39. Rc7 Nd3 40. Ne4 Ne1+ 41. Kg1 Rf5 42. d6 Nf3+ 43. Kg2 Nd4 44. g4 Re5 45. Nc3 Kg6 46. d7 Ne6 47. Rc6 1-0